 Dungeon Crawl Stone Soup version 0.31.0-9-g3a7656b989 (webtiles) character file.

Game seed: 17370826676608394085

586 James the Poker (level 7, 0/52 HPs)
             Began as a Merfolk Summoner on Jan 28, 2024.
             Slain by Duvessa
             ... wielding a +0 short sword of venom
              (4 damage)
             ... on level 4 of the Dungeon.
             The game lasted 00:30:59 (6794 turns).

James the Poker (Merfolk Summoner)                  Turns: 6794, Time: 00:30:59

Health: 0/52       AC:  3    Str:  9    XL:     7   Next: 37%
Magic:  6/11       EV: 13    Int: 16    God:
Gold:   206        SH:  0    Dex: 14    Spells: 6/12 levels left

rFire   . . .        a - +0 spear
rCold   . . .        (no shield)
rNeg    . . .        c - +1 robe
rPois   .            (no helmet)
rElec   .            (no cloak)
rCorr   .            (no gloves)
SInv    .            (no boots)
Will    .....        (no amulet)
Stlth   ++           (no ring)
HPRegen 0.28/turn    (no ring)
MPRegen 0.12/turn

%: no passive effects
@: lethally poisoned (0 -> -17), inugami summoned
A: (nimble swimmer 2), mertail
a: no special abilities


You were on level 4 of the Dungeon.
You visited 1 branch of the dungeon, and saw 5 of its levels.

You collected 206 gold pieces.

Inventory:

Hand Weapons
 a - a +0 spear (weapon)
   (You took it off a goblin on level 3 of the Dungeon)
 b - a +0 short sword
   (You took it off a kobold on level 1 of the Dungeon)
 w - a +0 dagger
   (You found it on level 1 of the Dungeon)
 B - a +0 falchion of freezing
   (You took it off an orc on level 3 of the Dungeon)
 F - a +0 quarterstaff
   (You found it on level 3 of the Dungeon)
 I - a +0 sling
   (You took it off a goblin on level 2 of the Dungeon)
 K - a +0 hand axe of electrocution
   (You took it off an orc on level 3 of the Dungeon)
 L - a +2 war axe of electrocution
   (You took it off an orc on level 3 of the Dungeon)
Missiles
 k - 54 stones
 T - 4 curare-tipped darts {!f}
Armour
 c - a +1 robe (worn)
 j - a +0 ring mail
   (You found it on level 1 of the Dungeon)
 o - a +0 robe
   (You found it on level 1 of the Dungeon)
 A - a +0 leather armour
   (You took it off an orc on level 3 of the Dungeon)
 E - a +0 leather armour
   (You found it on level 3 of the Dungeon)
 G - a +0 chain mail
   (You found it on level 3 of the Dungeon)
 H - a +0 robe
   (You took it off an orc wizard on level 2 of the Dungeon)
 J - a +0 robe
   (You took it off an orc wizard on level 2 of the Dungeon)
 P - a +0 leather armour
   (You found it on level 4 of the Dungeon)
 Q - a +0 robe
   (You found it on level 4 of the Dungeon)
Magical Staves
 m - a staff of death
   (You found it on level 1 of the Dungeon)
Jewellery
 u - a ring of fire
   (You found it on level 2 of the Dungeon)
Talismans
 D - a flux talisman
   (You found it on level 3 of the Dungeon)
Wands
 t - a wand of flame (25)
   (You found it on level 4 of the Dungeon)
Scrolls
 f - a scroll of amnesia {unknown}
 i - a scroll of vulnerability {unknown}
 n - a scroll of silence {unknown}
 p - a scroll of identify {unknown}
 s - a scroll of fear {unknown}
 v - a scroll of blinking {unknown}
 x - a scroll of immolation {!r}
 y - a scroll of fog
 C - 3 scrolls of teleportation {@r4}
 N - a scroll of butterflies
 O - a scroll of enchant armour
 R - a scroll of poison {unknown}
 S - a scroll of enchant weapon {unknown}
Potions
 d - 2 potions of heal wounds {@q2}
 e - a potion of magic
 g - 2 potions of degeneration {unknown}
 h - a potion of curing {unknown}
 l - a potion of attraction {unknown}
 q - a potion of ambrosia {unknown}
 r - a potion of haste {unknown}
 z - a potion of invisibility {unknown}
 M - a potion of enlightenment {unknown}


   Skills:
 - Level 3.0 Fighting
 - Level 6.0 Polearms
 - Level 3.0 Dodging
 - Level 2.1 Stealth
 + Level 3.1 Spellcasting
 - Level 6.0 Summonings


You had 6 spell levels left.
You knew the following spells:

 Your Spells              Type           Power      Damage    Failure   Level
a - Summon Small Mammal   Summ           84%        N/A       1%          1
c - Call Canine Familiar  Summ           21%        N/A       4%          3
x - Call Imp              Summ           42%        N/A       2%          2

Your spell library contained the following spells:

 Spells                   Type           Power      Damage    Failure   Level
 Sandblast                Erth           4%         2d4       19%         1
 Summon Blazeheart Golem  Fire/Summ      12%        N/A       47%         4
 Summon Lightning Spire   Summ/Air       12%        N/A       47%         4
 Passwall                 Erth           2%         N/A       50%         3
 Stone Arrow              Conj/Erth      4%         3d7       50%         3
 Brom's Barrelling Bould  Conj/Erth      2%         2d3       88%         4


Dungeon Overview and Level Annotations

Branches:
Dungeon (5/15)
 Temple: D:4-7

Altars:

Annotations:
D:4 Blork the orc, Dowan, Duvessa
D:5 Sigmund


Innate Abilities, Weirdness & Mutations

((You are very nimble when in or above water. (Stealth+, EV+, Speed+++)))
Your lower body shifts to a powerful aquatic tail in water.


Message History

Your Summonings skill increases to level 6!
You need to enable at least one skill for training.
You start resting.
Your cerulean imp disappears in a puff of smoke!
You start resting.
Your inugami disappears in a puff of smoke!
You climb downwards.
Level annotation: Dowan, Duvessa, Sigmund Dowan says, "Magic and the sword, together, will defeat you."
Dowan hits you with a +2 dagger of venom.
You are poisoned.
There is a stone staircase leading up, spattered with blood here.
You feel very sick.
Duvessa hits you with a +0 short sword of venom.
You are more poisoned.
Dowan misses you. Sigmund misses you.
You climb upwards.
Level annotation: Blork the orc You feel extremely sick.
There is a stone staircase leading down here.
You call for your canine familiar and it appears with a howl!
You feel very sick.
Duvessa hits you with a +0 short sword of venom.
You are more poisoned.
Dowan hits you with a +2 dagger of venom!
* * * LOW HITPOINT WARNING * * *
You are lethally poisoned!
You feel much better.
You feel extremely sick.
Duvessa hits you with a +0 short sword of venom!
Dowan barely misses you.
Your inugami hits Dowan.
Unknown command.
A tiny devil pulls itself out of the air.
* * * LOW HITPOINT WARNING * * *
You feel very sick.
Duvessa hits you with a +0 short sword of venom.
* * * LOW HITPOINT WARNING * * *
You are more poisoned.
Dowan hits you with a +2 dagger of venom.
* * * LOW HITPOINT WARNING * * *
Your inugami hits Dowan.
* * * LOW HITPOINT WARNING * * *
You feel very sick.
Dowan casts a spell.
Dowan blinks!
* * * LOW HITPOINT WARNING * * *
You feel very sick. Duvessa attacks as she pursues you!
Duvessa hits you with a +0 short sword of venom.
You die...

##### ###### #...# #....# #...###
#....# #.....# ##....#########
#.....# #.............#
#######.....#####
#.....#######.###..........†'....
.........# #.##@..######...#####
.........# #.>e.................
.........# #..h...##############
.........# #..5#..# .........#
#...#..##### .........#
#e.........########## .........#
##..#..##...........# ......####
#..#..##...........# ......#
####..#..##...........#


You could see Duvessa, Dowan (ally target), a friendly cerulean imp (summoned)
and a friendly inugami (summoned).

Vanquished Creatures
  An orc wizard (D:2)
  An adder (D:2)
  A dart slug (D:2)
  2 orcs (D:2)
  11 endoplasms
  3 goblins
  3 hobgoblins
  A jackal (D:3)
  3 kobolds
  3 quokkas
  5 ball pythons
  7 bats
  A frilled lizard (D:3)
  5 rats
47 creatures vanquished.

Vanquished Creatures (collateral kills)
  Grinder (D:4)
  3 hounds
  A bombardier beetle (D:3)
  An orc priest (D:3)
  2 iguanas (D:4)
  An orc wizard (D:2)
  5 adders
  2 dart slugs
  A ribbon worm (D:2)
  5 orcs
  A ball python (D:4)
  2 endoplasms
  3 goblins
  2 hobgoblins
  3 jackals (D:3)
  3 kobolds
  6 bats
42 creatures vanquished.

Grand Total: 89 creatures vanquished

Notes
Turn   | Place    | Note
-------+----------+-------------------------------------------
     0 | D:1      | James the Merfolk Summoner began the quest for the Orb.
     0 | D:1      | Reached XP level 1. HP: 13/13 MP: 3/3
   276 | D:1      | Reached skill level 1 in Fighting
   386 | D:1      | Reached XP level 2. HP: 22/22 MP: 0/5
   439 | D:1      | Learned a level 2 spell: Call Imp
   959 | D:1      | Reached XP level 3. HP: 26/27 MP: 6/6
   963 | D:1      | Learned a level 3 spell: Call Canine Familiar
  1887 | D:2      | Reached XP level 4. HP: 31/33 MP: 4/8
  2299 | D:3      | Found a faded altar of an unknown god.
  3071 | D:2      | Reached skill level 5 in Summonings
  3071 | D:2      | Reached XP level 5. HP: 30/39 MP: 4/9
  3796 | D:3      | Reached skill level 1 in Polearms
  4045 | D:2      | Reached XP level 6. HP: 23/47 MP: 1/10
  4385 | D:4      | Noticed Blork the orc
  4904 | D:4      | Noticed Grinder
  4906 | D:4      | Paralysed by Grinder for 4 turns
  5196 | D:4      | Reached skill level 5 in Polearms
  5903 | D:5      | Entered Level 5 of the Dungeon
  5903 | D:5      | Noticed Duvessa
  5903 | D:5      | Noticed Dowan
  6151 | D:5      | Noticed Sigmund
  6596 | D:4      | Killed Grinder
  6597 | D:4      | Reached XP level 7. HP: 45/52 MP: 5/11
  6794 | D:4      | Slain by Duvessa

Illustrated notes

Levels and vault maps discovered:
D:1:      dpeg_arrival_pits, layout_basic, columned_hall_lemuel
D:2:      layout_loops_ring, serial_bayou_pond_a
D:3:      layout_basic, hellmonk_ecumenical_altar_blasted
D:4:      layout_basic, uniq_grinder, uniq_blork_the_orc
D:5:      layout_rooms, kennysheep_mini, minmay_temple_entry_metal_lava,
          uniq_duvessa, uniq_crazy_yiuf_cottage, uniq_sigmund

Skill      XL: |  1  2  3  4  5  6  7 |
---------------+----------------------+-----
Fighting       | 1 2 3 |  3.0
Dodging        | 3 |  3.0
Spellcasting   | 3 |  3.1
Summonings     | 5 6 |  6.0
Polearms       | 3 6 |  6.0
Stealth        | |  2.1

Action                     |  1- 3 |  4- 6 |  7- 9 || total
---------------------------+-------+-------+-------++-------
  Melee: Short sword       |    83 |    57 |       ||   140
         Punch             |       |     1 |     1 ||     2
         Spear             |       |   108 |    13 ||   121
   Cast: Summon Small Mamm |    20 |    13 |       ||    33
         Call Imp          |    10 |    28 |     3 ||    41
         Call Canine Famil |       |    21 |     3 ||    24
    Use: Scroll            |       |     4 |       ||     4
         Potion            |       |     1 |     1 ||     2
   Stab: Sleeping          |     5 |     5 |       ||    10
         Distracted        |     1 |     6 |       ||     7
 Armour: Robe              |    46 |    82 |    21 ||   149
  Dodge: Dodged            |    73 |   111 |    11 ||   195
